AoeStats
← Blazing Cartesia, The Virtuous

Arabia

507220354Analyzed
1v1 RM · 15d ago on Sep 17, 2026· 56m 39s· 2 players
Game mode
Random Map
Map size
Tiny (2 player)
Population
200
Speed
Normal
Resources
Standard
Victory
Conquest
Starting age
Dark Age
Ending age
Imperial Age
RankedLock teamsTeams togetherTeam positionsShared explorationLock speedFull tech treeHidden civsTurbo modeCheats
Victory
Defeat
🇨🇳 Spanish · China
1144
+17
1162
-17
百岁山
8:35 Loom
10:50 Feudal Age
18:20 Castle Age
16:13 Horse Collar
16:21 Double-Bit Axe
18:39 Padded Archer Armor
19:58 Leather Archer Armor
20:12 Bow Saw
20:05 Heavy Plow
20:21 Husbandry
26:29 Gold Mining
26:30 Stone Mining
28:34 Bloodlines
29:02 Wheelbarrow
37:04 Imperial Age
34:51 Hand Cart
34:22 Town Watch
37:41 Stone Shaft Mining
40:00 Elite Conquistador
41:01 Conscription
43:58 Two-Man Saw
43:59 Fletching
44:42 Ring Archer Armor
46:10 Light Cavalry
48:44 Supremacy
48:39 Hussar
50:35 Scale Barding Armor
50:41 Forging
57:02 Chain Barding Armor
Blazing Cartesia, The Virtuous
6:35 Loom
10:13 Feudal Age
11:03 Double-Bit Axe
19:50 Castle Age
17:43 Horse Collar
20:01 Scale Mail Armor
24:16 Sanctity
29:20 Imperial Age
28:22 Fletching
28:19 Crossbowman
30:09 Fortified Wall
35:12 Gold Mining
35:41 Bow Saw
37:14 Arbalester
39:06 Bodkin Arrow
39:53 Ballistics
39:49 Bracer
40:42 Wheelbarrow
42:40 Thumb Ring
42:39 Padded Archer Armor
47:09 Chemistry
46:26 Elite Skirmisher
49:17 Leather Archer Armor
49:14 Forging
53:49 Heavy Plow
54:21 Andean Sling
Connection lost

Rejoining the realm…

Still unreachable

The connection could not be restored.

Session expired

The server has moved on; the page needs a fresh start.